 Dungeon Crawl Stone Soup version 0.21.1-1-g345015fe64 (webtiles) character file.

18329 Lavandula the Severer (level 12, -6/144 HPs)
             Began as a Centaur Berserker on June 2, 2018.
             Was a Priest of Trog.
             Mangled by a sun demon (7 damage)
             ... summoned by an orc sorcerer
             ... while paralysed by an orc sorcerer
             ... on level 2 of the Orcish Mines on June 3, 2018.
             The game lasted 01:14:51 (5312 turns).

Lavandula the Severer (Centaur Berserker)           Turns: 5312, Time: 01:14:51

Health: -6/144     AC: 12    Str: 29    XL:     12   Next: 26%
Magic:  0/15       EV:  1    Int:  6    God:    Trog [***...]
Gold:   859        SH:  0    Dex: 10    Spells: 11/11 levels left

rFire    + . .     SeeInvis .   a - +3 battleaxe (chop)
rCold    + . .     Gourm    .   (shield currently unavailable)
rNeg     . . .     Faith    .   s - +3 ring mail of Divine Compulsion {*Drain rElec rPois}
rPois    +         Spirit   +   X - +2 hat "Jirphul" {rC+}
rElec    +         Reflect  .   B - +0 cloak
rCorr    .         Harm     .   (no gloves)
MR       .....                  (no barding)
Stlth    ..........             o - amulet of guardian spirit
HPRegen  0.34/turn              U - ring of protection from fire
MPRegen  0.14/turn              J - +3 ring of evasion

@: paralysed, berserking, drained, very quick
A: large, hooves 3, deformed body, speed 2, tough skin 3
a: Berserk, Trog's Hand, Burn Spellbooks, Renounce Religion


You were on level 2 of the Orcish Mines.
You worshipped Trog.
Trog was most pleased with you.
You were hungry.

You visited 2 branches of the dungeon, and saw 14 of its levels.
You also visited: Ossuary.

You collected 1249 gold pieces.
You spent 390 gold pieces at shops.

Inventory:

Hand Weapons
 a - a +3 battleaxe of chopping (weapon)
 d - the +6 executioner's axe of Trog's Benevolence {chop, rElec rC+ rN+}
   (Trog gifted it to you on level 1 of the Orcish Mines)

   It inflicts extra damage upon your enemies.
   It protects you from cold.
   It insulates you from electricity.
   It protects you from negative energy.
 P - a +2 broad axe of flaming
 R - a +0 blowgun
Missiles
 v - 18 tomahawks
 A - 8 javelins (quivered)
 Q - 9 curare-tipped needles
 Y - 3 throwing nets
Armour
 b - a +0 troll leather armour
 i - a +2 plate armour of cold resistance
 m - a cursed -1 robe
 s - the +3 ring mail of Divine Compulsion (worn) {*Drain rElec rPois}
   (You found it on level 5 of the Dungeon)

   It insulates you from electricity.
   It protects you from poison.
   It causes draining when unequipped.
 z - the +2 robe of the Gloaming {rN+++ Str+4 Stlth-}
   (You found it on level 6 of the Dungeon)

   It affects your strength (+4).
   It renders you almost immune to negative energy.
   It makes you less stealthy.
 B - a +0 cloak (worn)
 X - the +2 hat "Jirphul" (worn) {rC+}
   (You found it on level 9 of the Dungeon)

   It protects you from cold.
 Z - a +3 ring mail of positive energy
Jewellery
 g - an uncursed ring of see invisible
 o - an amulet of guardian spirit (around neck)
 D - an uncursed ring of poison resistance
 J - a +3 ring of evasion (right hand)
 U - a ring of protection from fire (left hand)
Wands
 j - a wand of polymorph (19)
 x - a wand of digging (9)
 L - a wand of paralysis (27)
 N - a wand of disintegration (8)
 S - a wand of flame (16)
 T - a wand of acid (6)
Scrolls
 h - 2 scrolls of remove curse
 k - 2 scrolls of enchant armour {unknown}
 l - 3 scrolls of teleportation
 q - a scroll of fear
 r - a scroll of fog {unknown}
 w - 2 scrolls of immolation
 y - a scroll of summoning {unknown}
 E - 3 scrolls of random uselessness {unknown}
 K - 2 scrolls of amnesia {unknown}
Potions
 e - 2 potions of mutation
 p - a potion of brilliance {unknown}
 t - 2 potions of might
 C - 2 potions of heal wounds
 F - 4 potions of curing
 G - 2 potions of magic
 H - 2 potions of resistance
 I - a potion of haste {unknown}
 O - a potion of agility {unknown}
 W - a potion of cancellation {unknown}
Books
 f - a book of Debilitation

   Spells                             Type                      Level
   a - Corona                         Hexes                        1
   b - Slow                           Hexes                        2
   c - Inner Flame                    Hexes/Fire                   3
   d - Portal Projectile              Hexes/Translocation          3
   e - Cause Fear                     Hexes                        4
   f - Leda's Liquefaction            Hexes/Earth                  4
   Trog disapproves of the use of such an item.
 M - a book of Power

   Spells                             Type                      Level
   a - Iskenderun's Battlesphere      Conjuration/Charms           5
   b - Venom Bolt                     Conjuration/Poison           5
   c - Bolt of Magma                  Conjuration/Fire/Earth       5
   d - Iron Shot                      Conjuration/Earth            6
   e - Orb of Destruction             Conjuration                  7
   f - Spellforged Servitor           Conjuration/Summoning        7
   Trog disapproves of the use of such an item.
 V - a book of Misfortune

   Spells                             Type                      Level
   a - Confusing Touch                Hexes                        1
   b - Confuse                        Hexes                        3
   c - Gell's Gravitas                Translocation                3
   d - Petrify                        Transmutation/Earth          4
   e - Metabolic Englaciation         Hexes/Ice                    5
   f - Yara's Violent Unravelling     Hexes/Transmutation          5
   Trog disapproves of the use of such an item.
Comestibles
 c - 14 rations


   Skills:
 - Level 6.1(5.6) Fighting
 + Level 15.1(14.5) Axes
 - Level 4.9(4.4) Armour
 - Level 4.6(4.2) Dodging
 - Level 4.5(4.0) Evocations


You had 11 spell levels left.
You didn't know any spells.

Dungeon Overview and Level Annotations

Branches:
Dungeon (12/15)              Lair (0/6) D:9             Orc (2/2) D:12
    Elf (0/3) Orc:2
 Temple: D:4-7

Altars:
Dithmenos
Fedhas
Hepliaklqana
Kikubaaqudgha
Qazlal
Xom
The Shining One
Beogh

Shops:
Orc:1 =}}   Orc:2 [


Innate Abilities, Weirdness & Mutations

You have hooves in place of feet.
Armour fits poorly on your strangely shaped body.
You cover ground very quickly.
You have extremely tough skin. (AC +3)


Message History

You closely miss the neqoxec. Your kick misses the neqoxec.
The neqoxec is heavily wounded.
You closely miss the sun demon. You slash the shadow imp!
You kill the shadow imp!
You closely miss the ice devil.
Unknown command.
You slash the ice devil!
You kill the ice devil!
You slash the neqoxec! You miss the sun demon. The sun demon hits you!
* * * LOW HITPOINT WARNING * * *
You are engulfed in flames.
You resist.
* * * LOW HITPOINT WARNING * * *
The neqoxec gestures at you.
Something tries to feed on your intellect!
The orc sorcerer gestures at you while chanting.
You suddenly lose the ability to move!
The sun demon hits you!!
* * * LOW HITPOINT WARNING * * *
You are engulfed in flames!
You resist.
You die...

##.....≈§### ....
##.....≈§≈# .....
#.#....≈≈## ..≈≈
.......§≈#8.#####..≈#
.......§§##..§≈≈...≈#
.....#.≈≈≈#.o......§#
#..##.≈##≈###...o..≈#
#..##.≈##§§§####[3.§#
.......§≈§≈≈≈≈≈.@3.≈#
.......§.§.........§#
.........[.[...(8..≈#
........§).........≈#
.......≈≈≈≈≈≈≈≈....≈#
#))##.≈##≈≈≈####...≈#
#))##.≈##≈###......≈#
.......≈≈≈#........≈#
....#.§§≈##..§≈≈.))§#


You could see a sun demon, a neqoxec and an orc sorcerer.

Vanquished Creatures
  Harold (D:10)
  6 two-headed ogres
  3 orc sorcerers (Orc:2)
  Joseph (D:7)
  A centaur skeleton (D:12)
  5 trolls
  2 hippogriffs
  A wyvern (D:8)
  11 yaks
  A hungry ghost (D:9)
  An acid dragon (D:12)
  2 wargs (Orc:1)
  A water moccasin (D:5)
  2 porcupines (D:9)
  22 orc warriors
  2 sky beasts
  A black bear (D:12)
  A centaur (D:9)
  13 ogres
  A big kobold (D:10)
  2 bullfrogs
  A scorpion (D:5)
  A water moccasin skeleton (D:7)
  4 crimson imps
  A centaur zombie (D:6)
  5 jellies
  A hound (D:7)
  3 human zombies (Ossuary)
  21 orc priests
  Crazy Yiuf (D:6)
  A bullfrog skeleton (D:10)
  25 orc wizards
  3 worker ants
  A killer bee zombie (D:7)
  A big kobold zombie (Ossuary)
  4 mummies (Ossuary)
  A hound zombie (Ossuary)
  A hound skeleton (D:10)
  3 gnolls (D:3)
  2 worker ant zombies
  6 adders
  5 shadow imps
  5 oozes (D:10)
  An adder zombie (D:5)
  A worm (D:2)
  3 dart slugs
  3 leopard geckos
  65 orcs
  6 giant cockroaches
  4 goblins
  2 hobgoblins (D:3)
  6 jackals (D:4)
  13 kobolds
  2 quokkas
  A ball python (D:6)
  2 bats
  3 frilled lizards
  A goblin zombie (Ossuary)
  A jackal skeleton (D:5)
  3 jackal zombies (Ossuary)
  A leopard gecko skeleton (D:5)
  An orc zombie (Ossuary)
  A quokka skeleton (D:6)
  4 rats
  2 rat zombies (Ossuary)
  2 fungi (D:9)
304 creatures vanquished.

Vanquished Creatures (collateral kills)
  An orc warlord (Orc:2)
  Snorg (Orc:1)
  An orc sorcerer (Orc:2)
  An orc knight (Orc:1)
  3 orc warriors (Orc:2)
  2 ogres
  An orc priest (Orc:1)
  An orc wizard (Orc:1)
  12 orcs
23 creatures vanquished.

Grand Total: 327 creatures vanquished

Notes
Turn   | Place    | Note
-------+----------+-------------------------------------------
     0 | D:1      | Lavandula the Centaur Berserker began the quest for the Orb.
     0 | D:1      | Reached XP level 1. HP: 19/19 MP: 1/1
    34 | D:1      | Reached skill level 3 in Axes
    60 | D:2      | Reached XP level 2. HP: 26/26 MP: 2/2
   243 | D:2      | Reached XP level 3. HP: 31/31 MP: 3/3
   408 | D:3      | Reached skill level 4 in Axes
   422 | D:4      | Reached ** piety under Trog
   468 | D:4      | Noticed an ogre
   476 | D:4      | Killed an ogre
   476 | D:4      | Reached skill level 5 in Axes
   476 | D:4      | Reached XP level 4. HP: 24/38 MP: 4/4
   477 | D:4      | Reached XP level 5. HP: 29/45 MP: 5/5
   523 | D:4      | Found a blossoming altar of Fedhas.
   536 | D:5      | Entered Level 5 of the Dungeon
   597 | D:5      | Got an ichor-stained ring mail
   599 | D:5      | Found a hazy altar of Hepliaklqana.
   620 | D:4      | Identified the +3 ring mail of Divine Compulsion {*Drain rElec rPois} (You found it on level 5 of the Dungeon)
   643 | D:4      | Found an ancient bone altar of Kikubaaqudgha.
   707 | D:4      | Reached skill level 6 in Axes
   787 | D:5      | Found a shimmering altar of Xom.
   808 | D:5      | Reached XP level 6. HP: 14/51 MP: 6/6
   816 | D:5      | Noticed a water moccasin
   859 | D:5      | Killed a water moccasin
   907 | D:4      | Found a stormy altar of Qazlal.
   926 | D:5      | Reached skill level 7 in Axes
   998 | D:4      | Reached *** piety under Trog
  1007 | D:4      | Reached XP level 7. HP: 11/57 MP: 7/7
  1094 | D:6      | Found a shadowy altar of Dithmenos.
  1113 | D:6      | Got a translucent lead amulet
  1118 | D:6      | Identified the amulet "Kuagygye" {Inacc rPois} (You found it on level 6 of the Dungeon)
  1183 | D:6      | Got a steaming robe
  1219 | D:6      | Found a runed door.
  1388 | D:6      | Noticed Crazy Yiuf
  1392 | D:6      | Killed Crazy Yiuf
  1524 | D:7      | Noticed Joseph
  1536 | D:7      | Killed Joseph
  1536 | D:7      | Reached skill level 8 in Axes
  1591 | D:7      | Reached skill level 9 in Axes
  1591 | D:7      | Reached XP level 8. HP: 54/63 MP: 8/8
  1718 | D:7      | Found a sand-covered staircase.
  1727 | Ossuary  | Entered an ossuary
  1768 | Ossuary  | Reached skill level 10 in Axes
  2058 | D:8      | Noticed a two-headed ogre
  2066 | D:8      | Killed a two-headed ogre
  2066 | D:8      | Reached XP level 9. HP: 69/69 MP: 9/9
  2109 | D:8      | Reached skill level 1 in Evocations
  2273 | D:8      | You fall through a shaft for 2 floors!
  2273 | D:10     | Entered Level 10 of the Dungeon
  2415 | D:10     | Reached **** piety under Trog
  2446 | D:10     | Reached XP level 10. HP: 77/77 MP: 13/13
  2744 | D:9      | Reached skill level 11 in Axes
  2754 | D:9      | Noticed a two-headed ogre
  2759 | D:9      | Killed a two-headed ogre
  2759 | D:9      | Reached ***** piety under Trog
  2767 | D:9      | Noticed a two-headed ogre
  2789 | D:9      | Killed a two-headed ogre
  2789 | D:9      | Reached skill level 12 in Axes
  2877 | D:10     | Noticed a two-headed ogre
  2891 | D:10     | Killed a two-headed ogre
  3013 | D:10     | Reached XP level 11. HP: 48/82 MP: 14/14
  3114 | D:9      | Noticed a two-headed ogre
  3152 | D:9      | Killed a two-headed ogre
  3152 | D:9      | Reached skill level 13 in Axes
  3199 | D:9      | Found a glowing golden altar of the Shining One.
  3344 | D:9      | Found a staircase to the Lair.
  3408 | D:9      | Got a crude hat
  3429 | D:9      | Identified the +2 hat "Jirphul" {rC+} (You found it on level 9 of the Dungeon)
  3477 | D:10     | Noticed Harold
  3492 | D:10     | Killed Harold
  3566 | D:12     | Noticed a two-headed ogre
  3570 | D:12     | Killed a two-headed ogre
  3667 | D:12     | Found a staircase to the Orcish Mines.
  3771 | Orc:1    | Entered Level 1 of the Orcish Mines
  3833 | Orc:1    | Noticed Snorg
  3836 | Orc:1    | Noticed an orc knight
  3842 | Orc:1    | Killed Snorg
  3848 | Orc:1    | Killed an orc knight
  3856 | Orc:1    | Found Fahoalab's Gadget Shop.
  3859 | Orc:1    | Reached skill level 5 in Fighting
  3861 | Orc:1    | Received a gift from Trog
  3924 | Orc:1    | Found Quofunill's Gadget Shop.
  3984 | Orc:2    | Entered Level 2 of the Orcish Mines
  4010 | Orc:2    | Found a staircase to the Elven Halls.
  4010 | Orc:2    | Noticed an orc sorcerer
  4016 | Orc:2    | Killed an orc sorcerer
  4040 | Orc:2    | Found a roughly hewn altar of Beogh.
  4114 | Orc:2    | Reached skill level 14 in Axes
  4121 | Orc:2    | Noticed an orc warlord
  4484 | Orc:2    | Killed an orc warlord
  4555 | Orc:2    | Identified the +2 robe of the Gloaming {rN+++ Str+4 Stlth-} (You found it on level 6 of the Dungeon)
  4623 | Orc:2    | Reached XP level 12. HP: 87/96 MP: 15/15
  4672 | Orc:1    | Found Dufan's Jewellery Boutique.
  4714 | Orc:1    | Received a gift from Trog
  4869 | Orc:1    | Bought an uncursed amulet of guardian spirit for 390 gold pieces
  4881 | Orc:1    | Got a shimmering executioner's axe {god gift}
  4882 | Orc:1    | Identified the +6 executioner's axe of Trog's Benevolence {chop, rElec rC+ rN+} (Trog gifted it to you on level 1 of the Orcish Mines)
  4934 | Orc:1    | Found a roughly hewn altar of Beogh.
  5178 | Orc:2    | Reached skill level 15 in Axes
  5263 | Orc:2    | Found Sovvoo's Antique Armour Shoppe.
  5311 | Orc:2    | Paralysed by an orc sorcerer for 5 turns
  5312 | Orc:2    | HP: 1/144 [sun demon[an orc sorcerer] (17)]
  5312 | Orc:2    | Mangled by a sun demon

Skill      XL: |  1  2  3  4  5  6  7  8  9 10 11 12 |
---------------+-------------------------------------+-----
Axes           | 3 5 6 7 9 10 12 14 15 | 15.1
Armour         | 4 |  4.9
Evocations     | 4 |  4.5
Dodging        | 4 |  4.6
Fighting       | 6 |  6.1

Action                   |  1- 3 |  4- 6 |  7- 9 | 10-12 || total
-------------------------+-------+-------+-------+-------++-------
Melee: Hand axe          |    61 |    87 |     1 |       ||   149
       Kick              |    15 |    24 |    48 |    84 ||   171
       War axe           |       |       |   166 |   198 ||   364
       Battleaxe         |       |       |       |   124 ||   124
       Executioner's axe |       |       |       |     2 ||     2
 Fire: Blowgun           |       |       |       |    17 ||    17
Throw: Tomahawk          |       |     2 |       |       ||     2
       Javelin           |       |       |     2 |       ||     2
Invok: Berserk           |     2 |     5 |     8 |    18 ||    33
       Trog's Hand       |       |     1 |     1 |     3 ||     5
       Brothers in Arms  |       |       |       |     5 ||     5
Evoke: Wand              |       |       |     1 |    31 ||    32
  Use: Potion            |       |     2 |       |       ||     2
       Scroll            |       |       |     4 |     7 ||    11
 Stab: Distracted        |       |       |       |     1 ||     1
  Eat: Chunk             |       |     6 |     7 |    24 ||    37
       Ration            |       |       |     1 |     2 ||     3
Armor: Animal skin       |     6 |       |       |       ||     6
       Ring mail         |    28 |    39 |    56 |    89 ||   212
       Troll leather arm |       |       |       |     5 ||     5
Dodge: Dodged            |    39 |    46 |    95 |   173 ||   353
